 Dungeon Crawl Stone Soup version 0.29.1-15-g9cfb28693d (webtiles) character file.

Game seed: 2897071803629313205

30 venomsnake the Slasher (level 3, -2/24 (29) HPs)
             Began as a Human Chaos Knight on Mar 24, 2023.
             Was an Initiate of Zin.
             Slain by a rat (3 damage)
             ... on level 2 of the Dungeon.
             The game lasted 00:07:22 (11349 turns).

venomsnake the Slasher (Human Chaos Knight)        Turns: 11349, Time: 00:07:22

HP:   -2/24 (29)    AC:  5    Str: 14    XL:     3   Next: 37%
MP:   3/3           EV: 11    Int: 12    God:    Zin [......]
Gold: 66            SH:  0    Dex: 12    Spells: 2/2 levels left

rFire   . . .      SeeInvis .   a - +0 whip (freeze)
rCold   . . .      Faith    .   (no shield)
rNeg    . . .      Spirit   .   b - +2 leather armour
rPois   .          Reflect  .   (no helmet)
rElec   .          Harm     .   (no cloak)
rCorr   .          Rampage  .   (no gloves)
Will    .....                   (no boots)
Stlth   +.........              (no amulet)
HPRegen 0.08/turn               (no ring)
MPRegen 0.08/turn               (no ring)

@: heavily drained, bezotted
A: no striking features
a: Renounce Religion, Donate Gold


You were on level 2 of the Dungeon.
You worshipped Zin.
Zin was noncommittal.
You visited 1 branch of the dungeon, and saw 2 of its levels.

You collected 73 gold pieces.
You donated 7 gold pieces to Zin.

Inventory:

Hand Weapons
 a - a +0 whip of freezing (weapon)
Missiles
 d - 14 stones
Armour
 b - a +2 leather armour (worn)
Scrolls
 f - 3 scrolls of identify {unknown}
 g - a scroll of poison {unknown}
 h - a scroll of teleportation {unknown}
 l - a scroll of enchant weapon {unknown}
Potions
 e - a potion of heal wounds {unknown}
 i - a potion of haste {unknown}
 j - 2 potions of lignification {unknown}
 k - a potion of mutation {unknown}


   Skills:
 + Level 3.3 Fighting
 + Level 3.3 Long Blades
 + Level 2.4 Armour
 + Level 1.6 Dodging


You had 2 spell levels left.
You didn't know any spells.
Your spell library contained the following spells:

 Spells                   Type           Power      Damage    Failure   Level
 Iskenderun's Battlesphe  Conj           0%         2d6       100%        5
 Iron Shot                Conj/Erth      0%         9d1       100%        6
 Spellforged Servitor     Conj/Summ      0%         N/A       100%        7


Dungeon Overview and Level Annotations

Branches:
Dungeon (2/15) Zot: 642

Altars:
Zin


Message History

The rat barely misses you. The rat closely misses you.
The rat bites you but does no damage. The rat bites you. The rat bites you.
The rat misses you. The rat closely misses you. The rat bites you.
* * * LOW HITPOINT WARNING * * *
The rat closely misses you. The rat closely misses you.
The rat bites you but does no damage. The rat bites you.
* * * LOW HITPOINT WARNING * * *
The rat closely misses you. The rat closely misses you.
The rat bites you but does no damage. The rat barely misses you.
The rat barely misses you. The rat bites you.
* * * LOW HITPOINT WARNING * * *
The rat closely misses you. The rat closely misses you.
The rat bites you but does no damage. The rat barely misses you.
The rat bites you but does no damage. The rat bites you.
* * * LOW HITPOINT WARNING * * *
The rat misses you. The rat misses you. The rat bites you.
* * * LOW HITPOINT WARNING * * *
The rat misses you. The rat misses you. The rat bites you but does no damage.
The rat bites you.
* * * LOW HITPOINT WARNING * * *
The rat barely misses you. The rat bites you.
You die...

### ## ..# #.# #.###
#.# ....# #.# #.#.#
#.# #.#.# #.# # #.#.#
#.#####>.#
#.#.#########...@r..(#
....[..........####.##
..#.##########.# ###.#
#.# ....### #.#
#.....# #.# #.###.#
#.# ..# ... ..#
..###....# ..#


You could see a rat.

Vanquished Creatures
  A worm (D:2)
  2 dart slugs
  5 endoplasms (D:1)
  4 hobgoblins
  A quokka (D:1)
  3 ball pythons (D:1)
  3 frilled lizards
  2 kobolds (D:1)
  2 rats (D:1)
23 creatures vanquished.

Notes
Turn   | Place    | Note
-------+----------+-------------------------------------------
     0 | D:1      | venomsnake the Human Chaos Knight began the quest for the
                  | Orb.
     0 | D:1      | Reached XP level 1. HP: 18/18 MP: 1/1
   224 | D:1      | XOM: noise
   327 | D:1      | Reached XP level 2. HP: 14/24 MP: 2/2
   447 | D:1      | XOM is BORED!
   447 | D:1      | XOM: 1-stop teleportation journey
   530 | D:1      | XOM: torment (12/24 hp)
   980 | D:1      | XOM: god gift: 3 javelins
  1076 | D:1      | XOM: noise
  1181 | D:1      | XOM: cast spell 'Metabolic Englaciation'
  1183 | D:1      | Found a faded altar of an unknown god.
  1213 | D:1      | Prayed at the altar of an unknown god.
  1213 | D:1      | Fell from the grace of Xom
  1213 | D:1      | Became a worshipper of Zin the Law-Giver
  1213 | D:1      | Reached * piety under Zin
  1223 | D:1      | Was placed under penance by Zin
  1319 | D:1      | Reached XP level 3. HP: 29/29 MP: 3/3
  1499 | D:1      | Was forgiven by Zin
 10992 | D:2      | Glimpsed the power of Zot.
 11190 | D:2      | XOM: draining
 11347 | D:2      | HP: 1/24 [rat (2)]
 11349 | D:2      | Slain by a rat

Illustrated notes

Levels and vault maps discovered:
D:1:      lemuel_arrival_rhombus, layout_basic, ebering_ecumenical_altar_rust
D:2:      layout_loops_ring, kennysheep_generic_room_15, uniq_sigmund,
          uniq_natasha

Action                   || total
-------------------------++-------
Melee: Falchion          ||    45
       Whip              ||    18
Armor: Leather armour    ||    52
Dodge: Dodged            ||   112
